 Dungeon Crawl Stone Soup version 0.31-a0-1178-gc5c9b8f871 (webtiles) character file.

Game seed: 2881702243768974178

403 qw the Shooter (level 6, -1/38 HPs)
             Began as a Gargoyle Hunter on Dec 11, 2023.
             Slain by Edmund
             ... wielding a +2 dire flail of draining
              (13 damage)
             ... on level 4 of the Dungeon.
             The game lasted 00:01:05 (2484 turns).

qw the Shooter (Gargoyle Hunter)                    Turns: 2484, Time: 00:01:05

Health: -1/38      AC: 11    Str: 14    XL:     6   Next: 86%
Magic:  6/6        EV: 11    Int: 10    God:
Gold:   145        SH:  0    Dex: 15    Spells: 5/5 levels left

rFire   . . .        c - +0 arbalest
rCold   . . .        (shield currently unavailable)
rNeg    + . .        a - +0 ring mail
rPois   inf          (no helmet)
rElec   +            (no cloak)
rCorr   .            f - +1 pair of gloves
SInv    +            (no boots)
Will    .....        (no amulet)
Stlth   +            h - ring of see invisible
HPRegen 0.26/turn    (no ring)
MPRegen 0.10/turn

%: no passive effects
@: no status effects
A: sickness immunity, AC +4, negative energy resistance 1, electricity
resistance, torment resistance 1, petrification resistance
a: no special abilities


You were on level 4 of the Dungeon.
You visited 1 branch of the dungeon, and saw 4 of its levels.

You collected 262 gold pieces.
You spent 117 gold pieces at shops.


Innate Abilities, Weirdness & Mutations

You are immune to sickness and miasma.
Your stone body is resilient. (AC +4)
You are immune to poison.
You resist negative energy. (rN+)
You are resistant to electric shocks. (rElec)
You are resistant to unholy torment.
You are immune to petrification.


   Skills:
 - Level 4.2 Fighting
 + Level 6.9 Ranged Weapons
 - Level 1.9 Armour
 - Level 1.5 Dodging
 - Level 1.1 Stealth


You had 5 spell levels left.
You didn't know any spells.
Your spell library was empty.

Inventory:

Hand Weapons
 c - a +0 arbalest (weapon)
Armour
 a - a +0 ring mail (worn)
 f - a +1 pair of gloves (worn)
Jewellery
 h - a ring of see invisible (left hand)
 l - a ring of fire
Potions
 b - a potion of might
 d - 3 potions of curing
 e - a potion of enlightenment
 i - a potion of cancellation
 n - a potion of heal wounds {unknown}

Dungeon Overview and Level Annotations

Branches:
Dungeon (4/15)
 Temple: D:4-7

Altars:
Fedhas
Qazlal

Shops:
D:4 :(=:

Annotations:
D:4 Edmund


Message History

The slug dart misses you.
You shoot a bolt. The bolt hits the dart slug.
The dart slug is moderately wounded.
You shoot a bolt. The bolt hits the dart slug.
The dart slug is almost dead.
You shoot a bolt.
The bolt hits the dart slug but does no damage.
The dart slug is almost dead.
The dart slug barely misses you.
You shoot a bolt. The bolt hits the dart slug!
You kill the dart slug!
The hobgoblin shouts!
You hear a shout!
You shoot a bolt. The bolt hits the hobgoblin!
You kill the hobgoblin!
An orc comes into view. It is wielding a +0 mace.
You see here a +1 mace of holy wrath.
You shoot a bolt. The bolt closely misses Edmund.
The orc throws a stone.
The stone barely misses you.
Edmund says, "I might not be good at magic, but I can still kill you!" x2
You shoot a bolt.
The bolt hits Edmund but does no damage.
Edmund is lightly wounded.
You shoot a bolt. The bolt closely misses Edmund.
The orc throws a stone.
The stone hits you but does no damage.
You shoot a bolt. The bolt hits Edmund!!
Edmund is heavily wounded.
Edmund hits you with a +2 dire flail of draining!
You shoot a bolt. The bolt hits Edmund!
Edmund is severely wounded.
Edmund hits you with a +2 dire flail of draining!
You shoot a bolt. The bolt closely misses Edmund.
Edmund hits you with a +2 dire flail of draining!
Edmund mutters, "Who needs spells, anyway?"
Edmund hits you but does no damage.
You shoot a bolt. The bolt completely misses Edmund.
Edmund closely misses you. Edmund misses you.
You shoot a bolt. The bolt completely misses Edmund.
Edmund hits you with a +2 dire flail of draining!
You die...
Edmund says, "That'll show my brother!"

#.........# #......$..#
#...$..... #........ ##
....... #. .... #.
#####.########## #.
#..)..@...#....#######.
#..)###@###...##.........
. ..o# ########.#.....
...... #.#..... ......=.
#)##.... ........#
##.##.... ........#
#...#.... ........#
##.##.... ##...#####


You could see Edmund and an orc.

Vanquished Creatures
  An ogre (D:4)
  An orc priest (D:4)
  A hound (D:4)
  2 jellies (D:4)
  Jessica (D:3)
  4 gnolls (D:3)
  5 adders
  2 worms
  4 dart slugs
  10 orcs
  2 ball pythons
  4 endoplasms
  3 giant cockroaches
  8 hobgoblins
  2 jackals (D:1)
  5 kobolds
  A quokka (D:2)
  5 bats
  3 frilled lizards
  6 goblins
  4 rats
74 creatures vanquished.

Notes
Turn   | Place    | Note
-------+----------+-------------------------------------------
     0 | D:1      | qw the Gargoyle Hunter began the quest for the Orb.
     0 | D:1      | Reached XP level 1. HP: 12/12 MP: 1/1
     0 | D:1      | 0 ||| qw: Version: 0.3-a-106-g2cfff9e
     0 | D:1      | 0 ||| qw: Game counter: 2051
     0 | D:1      | 0 ||| qw: Melee chars always use a shield: true
     0 | D:1      | 0 ||| qw: God list: Okawaru
     0 | D:1      | 0 ||| qw: Allow faded altars: false
     0 | D:1      | 0 ||| qw: Do Orc after clearing Dungeon:15 true
     0 | D:1      | 0 ||| qw: Do second Lair branch before Depths: true
     0 | D:1      | 0 ||| qw: Lair rune preference: random
     0 | D:1      | 0 ||| qw: Goals: Normal, Save, Zot:1-4, Win
     0 | D:1      | 0 ||| PLANNING D:1-11
   168 | D:1      | Reached XP level 2. HP: 17/17 MP: 2/2
   784 | D:1      | 784 ||| UPGRADING to ring of see invisible.
   785 | D:1      | 785 ||| READING scroll labelled FOORES HEVECK.
   786 | D:1      | 786 ||| READING scroll labelled EHYWUN ZYANUOF.
   787 | D:1      | 787 ||| READING scroll labelled JYTOMO PETZ.
   790 | D:1      | 790 ||| READING scroll labelled XOILUK FIL.
   790 | D:1      | 790 ||| BRANDING +0 shortbow.
   791 | D:1      | 791 ||| DROPPING scroll of butterflies.
   852 | D:2      | Reached XP level 3. HP: 21/21 MP: 3/3
   853 | D:2      | Reached skill level 5 in Ranged Weapons
   961 | D:2      | Found a faded altar of an unknown god.
  1220 | D:2      | Reached skill level 3 in Fighting
  1338 | D:2      | 1338 ||| UPGRADING to +0 pair of gloves.
  1343 | D:2      | 1343 ||| READING scroll labelled ZEAREO RAUBRI.
  1343 | D:2      | 1343 ||| ENCHANTING +0 pair of gloves.
  1344 | D:2      | 1344 ||| READING scroll labelled DEPAOX MAHIODO.
  1345 | D:2      | 1345 ||| DRINKING 2 red potions.
  1346 | D:2      | 1346 ||| DRINKING 2 bubbling emerald potions.
  1397 | D:3      | Reached XP level 4. HP: 28/28 MP: 4/4
  1542 | D:3      | Noticed Jessica
  1551 | D:3      | Killed Jessica
  1552 | D:3      | Reached skill level 6 in Ranged Weapons
  1552 | D:3      | Reached XP level 5. HP: 22/32 MP: 5/5
  1608 | D:3      | Found a blossoming altar of Fedhas.
  1649 | D:3      | Found a stormy altar of Qazlal.
  1672 | D:3      | 1672 ||| SWAPPING to +0 orcbow.
  1673 | D:3      | 1673 ||| DROPPING +0 shortbow of draining.
  1822 | D:3      | 1822 ||| READING scroll labelled XEOLIM NYATOC.
  1822 | D:3      | 1822 ||| ENCHANTING +0 orcbow.
  1823 | D:3      | 1823 ||| READING scroll labelled OCROIC ZIMEURENA.
  1823 | D:3      | 1823 ||| IDENTIFYING purple potion
  1867 | D:4      | Reached skill level 1 in Armour
  1892 | D:4      | Reached XP level 6. HP: 38/38 MP: 6/6
  1904 | D:4      | Noticed Edmund
  1914 | D:4      | HP: 4/38 [Edmund/+2 dire flail of draining (9)]
  1915 | D:4      | 1915 ||| READING scroll of teleportation.
  1916 | D:4      | 1916 ||| DRINKING glowing green potion.
  1917 | D:4      | 1917 ||| Stepping ~*~*~tactically~*~*~ (retreating).
  1918 | D:4      | 1918 ||| DRINKING amethyst potion.
  1944 | D:4      | 1944 ||| FLEEEEING.
  2129 | D:4      | Found Buimo's Jewellery Boutique.
  2130 | D:4      | Found Kybb's Book Boutique.
  2131 | D:4      | Found Ifefof's Antique Weapon Boutique.
  2132 | D:4      | Found Robemaf's Book Boutique.
  2137 | D:4      | 2137 ||| UPGRADING to +0 ring mail.
  2147 | D:4      | 2147 ||| DROPPING +0 leather armour.
  2152 | D:4      | 2152 ||| BUYING arbalest (117 gold).
  2152 | D:4      | Bought an arbalest for 117 gold pieces
  2152 | D:4      | 2152 ||| SWAPPING to +0 arbalest.
  2153 | D:4      | 2153 ||| DROPPING +1 orcbow.
  2160 | D:4      | 2160 ||| SHOPLISTING amulet of regeneration (360 gold, have
                  | 63).
  2160 | D:4      | 2160 ||| SHOPLISTING ring of fire (300 gold, have 63).
  2160 | D:4      | 2160 ||| SHOPLISTING ring of ice (300 gold, have 63).
  2484 | D:4      | Slain by Edmund

Levels and vault maps discovered:
D:1:      reono_arrival_mine, layout_basic, ebering_dispersal_statue_hall
D:2:      layout_basic, ebering_ecumenical_altar_petrified,
          minmay_small_reverse_x
D:3:      layout_rooms, grunt_temple_overflow_forces_of_nature, uniq_jessica
D:4:      minmay_spotlight, layout_basic, minmay_shop_grid_forest, uniq_edmund

Skill      XL: |  1  2  3  4  5  6 |
---------------+-------------------+-----
Ranged Weapons | 5 6 |  6.9
Fighting       | 3 4 |  4.2
Armour         | 1 |  1.9
Dodging        | |  1.5
Stealth        | |  1.1

Action                     |  1- 3 |  4- 6 || total
---------------------------+-------+-------++-------
   Fire: Shortbow          |    89 |    59 ||   148
         Orcbow            |       |    50 ||    50
         Arbalest          |       |    31 ||    31
    Use: Scroll            |     6 |     3 ||     9
         Potion            |     2 |     2 ||     4
 Armour: Leather armour    |    34 |    36 ||    70
         Ring mail         |       |    16 ||    16
  Dodge: Dodged            |    28 |    45 ||    73

Table legend:
 A = Non-vault XP
 B = Vault XP
 C = Vault XP percentage of total XP
 D = Non-vault monster count
 E = Vault monster count
 F = Vault count percentage of total count
                 A         B        C        D         E       F
            +---------+---------+-------+---------+---------+-------
      Total |     507 |      70 |  12.1 |      64 |      10 |  13.5
            +---------+---------+-------+---------+---------+-------
        D:1 |      19 |       0 |   0.0 |      10 |       0 |   0.0
        D:2 |      48 |       8 |  14.3 |      13 |       4 |  23.5
        D:3 |      99 |      37 |  27.2 |      22 |       1 |   4.3
        D:4 |     341 |      25 |   6.8 |      19 |       5 |  20.8
            +---------+---------+-------+---------+---------+-------
